 Dungeon Crawl Stone Soup version 0.18.1-6-gd335043 (webtiles) character file.

2242 Jerry the Covered (level 8, -2/55 HPs)
             Began as a Demigod Fighter on May 17, 2016.
             Slain by a killer bee (5 damage)
             ... on level 7 of the Dungeon.
             The game lasted 00:28:18 (6689 turns).

Jerry the Covered (Demigod Fighter)                 Turns: 6689, Time: 00:28:19

Health: -2/55      AC:  9    Str: 23    XL:     8   Next: 92%
Magic:  10/10      EV:  8    Int: 12    God:
Gold:   292        SH: 11    Dex: 15    Spells: 0 memorised, 7 levels left

rFire  . . .     SeeInvis .     i - +1 flail (venom)
rCold  . . .     Gourm    .     b - +0 scale mail
rNeg   . . .     Faith    .     c - +0 shield
rPois  .         Spirit   .     (no helmet)
rElec  .         Dismiss  .     e - +0 cloak
rCorr  .         Reflect  .     (no gloves)
SustAt +         Harm     .     (no boots)
MR     .....     Clarity  +     (no amulet)
Stlth  ..........               (no ring)
                                (no ring)

@: very slightly contaminated, drained, invisible, not resistant to hostile
enchantments, extremely unstealthy
A: berserk 1, clarity, frail 1, high mp 1, sustain attributes
a: no special abilities


You were on level 7 of the Dungeon.
You were hungry.

You visited 1 branch of the dungeon, and saw 7 of its levels.

You collected 292 gold pieces.

Inventory:

Hand Weapons
 a - a +0 flail
 h - a +0 mace of crushing
 i - a +1 flail of venom (weapon)
Armour
 b - a +0 scale mail (worn)
 c - a +0 shield (worn)
 e - a +0 cloak (worn)
 r - a +0 leather armour of fire resistance
Magical Staves
 t - an uncursed staff of air {unknown}
Wands
 l - a wand of disintegration (8/24)
 n - a wand of teleportation (5/9)
 A - a wand of paralysis (10/24)
 E - a wand of slowing (19/48)
Scrolls
 g - 5 scrolls of amnesia
 u - 4 scrolls of identify
 v - 3 scrolls of remove curse
 y - 2 scrolls of magic mapping {unknown}
 z - a scroll of recharging
 B - a scroll of enchant armour {unknown}
 C - a scroll of noise {unknown}
Potions
 d - a potion of might
 m - 3 potions of brilliance
 q - a potion of berserk rage
 s - 2 potions of curing
 x - a potion of lignification {unknown}
 D - a potion of heal wounds
Books
 F - a book of Maledictions

   Spells                             Type                      Level
   a - Corona                         Hexes                        1
   b - Ensorcelled Hibernation        Hexes/Ice                    2
   c - Confuse                        Hexes                        3
   d - Tukima's Dance                 Hexes                        3
   e - Dazzling Spray                 Conjuration/Hexes            3
Comestibles
 f - 3 bread rations
 k - 4 beef jerkies
 o - 7 meat rations
 p - 9 fruits
 w - 2 royal jellies


   Skills:
 - Level 2.6(2.2) Fighting
 + Level 5.5(5.1) Maces & Flails
 + Level 7.5(7.1) Armour
 + Level 7.3(6.8) Shields


You had 7 spell levels left.
You didn't know any spells.

Dungeon Overview and Level Annotations

Branches:
Dungeon (7/15)             Temple (0/1) D:4


Innate Abilities, Weirdness & Mutations

You have an increased reservoir of magic (+10% MP).
Your attributes are resistant to harm.
You tend to lose your temper in combat.
You possess an exceptional clarity of mind.
You are frail (-10% HP).


Message History

You block the killer bee's attack.
The killer bee stings you but does no damage.
The killer bee barely misses you.
Drink which item? (? for menu, Esc to quit)
You fade into invisibility!
The killer bee barely misses you. You block the killer bee's attack. x2
The killer bee stings you but does no damage.
You catch the helpless killer bee completely off-guard!
You hit the killer bee.
The killer bee is poisoned.
The killer bee is severely wounded.
The killer bee barely misses you. You block the killer bee's attack. x2
The killer bee stings you but does no damage.
You miss the killer bee. You block the killer bee's attack. x2
The killer bee barely misses you. You block the killer bee's attack.
You barely miss the killer bee.
You kill the killer bee!
You block the killer bee's attack. The killer bee stings you.
* * * LOW HITPOINT WARNING * * *
The killer bee stings you.
You die...

........#.≈
#....#........
...<....≈#^.^.^
.#....'........
.........# ^^..
##^#....#........
........≈§#
...##..#....#........
........§§≈
.....§#....#........
##+####..§.
_...§..'############
..§≈
..§§.≈..............
.≈#
..#§#≈..............
.##..
#@#§..............
...(#yy...............
....≈.§................
.......................
.......................
.......................
...........†...........
############......#####
#......#


You could see 2 killer bees.

Vanquished Creatures
  The ghost of lupus83 the Archer, an amateur CeHu (D:4)
  A steam dragon (D:7)
  An orc warrior (D:6)
  2 sky beasts
  2 phantoms (D:4)
  An ogre (D:4)
  A centaur (D:3)
  A water moccasin zombie (D:6)
  2 scorpions
  2 killer bees (D:7)
  3 wights (D:7)
  2 crimson imps (D:6)
  Crazy Yiuf (D:2)
  3 jellies
  2 orc priests
  A hound (D:4)
  8 orc wizards
  3 centaur skeletons
  A gnoll shaman (D:4)
  2 worker ants
  A statue (D:7)
  A howler monkey zombie (D:6)
  A worker ant zombie (D:6)
  8 gnolls
  2 adders (D:3)
  An ooze (D:1)
  2 adder zombies (D:5)
  3 worms
  4 dart slugs
  4 giant geckos
  16 orcs
  5 giant cockroaches
  7 goblins
  10 hobgoblins
  5 jackals (D:4)
  2 quokkas
  9 bats
  8 giant newts
  6 kobolds
  A quokka skeleton (D:4)
  A quokka zombie (D:6)
  11 rats
148 creatures vanquished.

Notes
Turn   | Place    | Note
--------------------------------------------------------------
     0 | D:1      | Jerry the Demigod Fighter began the quest for the Orb.
     0 | D:1      | Reached XP level 1. HP: 18/18 MP: 3/3
    42 | D:1      | Reached XP level 2. HP: 24/25 MP: 4/4
  1073 | D:2      | Reached XP level 3. HP: 25/30 MP: 5/5
  1605 | D:2      | Noticed Crazy Yiuf
  1613 | D:2      | Killed Crazy Yiuf
  1613 | D:2      | Reached XP level 4. HP: 28/37 MP: 6/6
  1961 | D:3      | Found a bloodstained altar of Trog.
  2182 | D:3      | Reached XP level 5. HP: 41/42 MP: 7/7
  2295 | D:3      | Noticed a centaur
  2307 | D:3      | Killed a centaur
  2514 | D:3      | Noticed a sky beast
  2533 | D:3      | Killed a sky beast
  2533 | D:3      | Reached skill level 5 in Armour
  2533 | D:3      | Reached skill level 5 in Shields
  2533 | D:3      | Reached XP level 6. HP: 34/50 MP: 8/8
  3218 | D:4      | Found a snail-covered altar of Cheibriados.
  3281 | D:4      | Reached XP level 7. HP: 42/56 MP: 9/9
  3498 | D:4      | Found a staircase to the Ecumenical Temple.
  3600 | D:4      | Found a shattered altar of Ashenzari.
  3745 | D:4      | Found a blossoming altar of Fedhas.
  4486 | D:4      | Noticed lupus83's ghost (amateur CeHu)
  4500 | D:4      | Killed lupus83's ghost
  4540 | D:5      | Entered Level 5 of the Dungeon
  4735 | D:5      | Reached XP level 8. HP: 56/62 MP: 10/10
  4739 | D:5      | Gained mutation: You are frail (-10% HP). [mutagenic meat]
  4740 | D:5      | Gained mutation: You tend to lose your temper in combat. [mutagenic meat]
  4741 | D:5      | Gained mutation: You possess an exceptional clarity of mind. [mutagenic meat]
  5187 | D:6      | Found a shadowy altar of Dithmenos.
  5617 | D:6      | Reached skill level 5 in Maces & Flails
  6229 | D:7      | Found a stormy altar of Qazlal.
  6253 | D:7      | Found a radiant altar of Vehumet.
  6679 | D:7      | HP: 2/55 [killer bee (4)]
  6689 | D:7      | Slain by a killer bee

Skill      XL: |  1  2  3  4  5  6  7  8 |
---------------+-------------------------+-----
Armour         | 3 4 5 6 7 |  7.5
Shields        | 3 4 5 6 7 |  7.3
Maces & Flails | 2 4 5 |  5.5
Fighting       | |  2.6

Action                   |  1- 3 |  4- 6 |  7- 9 || total
-------------------------+-------+-------+-------++-------
Melee: Flail             |    19 |    53 |   276 ||   348
       Mace              |   153 |   119 |       ||   272
Evoke: Wand              |       |       |     1 ||     1
  Use: Scroll            |     7 |     4 |     3 ||    14
       Potion            |     1 |     2 |     4 ||     7
 Stab: Distracted        |     1 |       |       ||     1
       Invisible         |       |       |     2 ||     2
  Eat: Chunk             |     3 |     5 |    14 ||    22
Armor: Scale mail        |    81 |    75 |   107 ||   263
Dodge: Dodged            |    69 |    49 |    85 ||   203
Block: Shield            |    96 |   107 |   179 ||   382
